 Dungeon Crawl Stone Soup version 0.18-a0-721-g8fc53f4 (webtiles) character file.

2724 xeno23 the Martial Artist (level 9, 0/69 HPs)
             Began as a Human Monk on Dec 8, 2015.
             Slain by a giant frog skeleton (1 damage)
             ... on level 7 of the Dungeon.
             The game lasted 00:28:32 (6592 turns).

xeno23 the Martial Artist (Human Monk)              Turns: 6592, Time: 00:28:32

Health: 0/69       AC: 12    Str: 14    XL:     9   Next: 99%
Magic:  12/12      EV: 13    Int: 11    God:
Gold:   280        SH:  0    Dex: 16    Spells: 1 memorised, 8 levels left

rFire  . . .     SeeInvis .       - Unarmed
rCold  . . .     Clarity  .     D - +3 ring mail
rNeg   . . .     SustAt   .     (no shield)
rPois  +         Gourm    +     (helmet restricted)
rElec  .         Spirit   .     u - +0 cloak
rCorr  .         Dismiss  .     k - +0 pair of gloves
rMut   .         Rnd*Tele +     (no boots)
MR     .....                    G - amulet of the gourmand
Stlth  ++........               r - ring of invisibility
                                e - ring of poison resistance

@: not resistant to hostile enchantments, unstealthy
A: horns 1, yellow scales 1, teleportitis 1, wild magic 1
a: Evoke Invisibility


You were on level 7 of the Dungeon.
You were not hungry.

You visited 2 branches of the dungeon, and saw 8 of its levels.

You collected 539 gold pieces.
You spent 259 gold pieces at shops.

Inventory:

Missiles
 v - 11 sling bullets of flame
Armour
 k - a +0 pair of gloves (worn)
 u - a +0 cloak (worn)
 D - a +3 ring mail (worn)
Jewellery
 e - a ring of poison resistance (left hand)
 r - a ring of invisibility (right hand)
 C - an uncursed ring of protection from magic
 G - an amulet of the gourmand (around neck)
Wands
 s - a wand of confusion (14)
Scrolls
 a - 3 scrolls of teleportation
 c - 2 scrolls of enchant armour {unknown}
 h - 6 scrolls of remove curse
 i - 3 scrolls of immolation
 l - 3 scrolls of amnesia
 n - a scroll of magic mapping
 o - a scroll of random uselessness {unknown}
 p - 2 scrolls of blinking
 t - 2 scrolls of enchant weapon
 x - a scroll of fear {unknown}
 y - a scroll of recharging {unknown}
 B - 2 scrolls of vulnerability {unknown}
Potions
 d - 2 potions of lignification
 f - a potion of heal wounds
 j - 3 potions of curing
 q - a potion of brilliance
 F - a potion of agility
 H - a potion of might
Books
 w - a Young Poisoner's Handbook

   Spells                             Type                      Level
   a - Sting                          Conjuration/Poison           1
   b - Cure Poison                    Poison                       2
   c - Mephitic Cloud                 Conjuration/Poison/Air       3
   d - Olgreb's Toxic Radiance        Poison                       4
   e - Venom Bolt                     Conjuration/Poison           5
 z - a book of Battle

   Spells                             Type                      Level
   a - Infusion                       Charms                       1
   b - Shroud of Golubria             Charms/Translocation         2
   c - Song of Slaying                Charms                       2
   d - Spectral Weapon                Hexes/Charms                 3
   e - Regeneration                   Charms/Necromancy            3
 A - a book of the Earth

   Spells                             Type                      Level
   a - Leda's Liquefaction            Hexes/Earth                  4
   b - Bolt of Magma                  Conjuration/Fire/Earth       5
   c - Statue Form                    Transmutation/Earth          6
   d - Iron Shot                      Conjuration/Earth            6
   e - Shatter                        Earth                        9
Comestibles
 b - 12 bread rations
 m - 4 meat rations


   Skills:
 + Level 6.0 Fighting
 + Level 2.8 Armour
 + Level 5.5 Dodging
 + Level 4.5 Stealth
 * Level 8.8 Unarmed Combat
 + Level 1.5 Spellcasting
 - Level 5.1 Evocations


You had 8 spell levels left.
You knew the following spells:

 Your Spells              Type           Power        Failure   Level  Hunger
a - Regeneration          Chrm/Necr      #.........   100%        3    ####...


Dungeon Overview and Level Annotations

Branches:
Dungeon (7/15)             Temple (1/1) D:4

Altars:
Ashenzari
Cheibriados
Dithmenos
Fedhas
Gozag
Kikubaaqudgha
Nemelex Xobeh
Okawaru
Pakellas
Trog
Vehumet
Xom
Yredelemnul
Zin
The Shining One

Shops:
D:6 *=}!=

Annotations:
D:6 Blork the orc


Innate Abilities, Weirdness & Mutations

You have a pair of small horns on your head.
You are partially covered in yellow scales (AC +2).
You are occasionally teleported next to monsters.
Your spells are a little harder to cast, but a little more powerful.


Message History

The orc warrior closely misses you.
You hit the orc warrior.
You headbutt the orc warrior, but do no damage.
The orc warrior is severely wounded.
The orc warrior hits you with a battleaxe.
You take 4 damage.
You hit the orc warrior.
The orc warrior is almost dead.
You hit the orc warrior but do no damage.
The orc warrior is almost dead.
The orc warrior hits you with a battleaxe!!
* * * LOW HITPOINT WARNING * * *
You take 21 damage.
A giant frog skeleton comes into view.
The giant frog skeleton closely misses you.
The orc warrior hits you with a battleaxe!!
* * * LOW HITPOINT WARNING * * *
You take 21 damage.
The giant frog skeleton hits you.
You die...

#..####...............##
##.#
##..#.....######...#..#
##.# ##.......#
#...#...## #.##
##...##..#
#..##....###.#
##...###..#
##..#........##
.....###..#
##......###...#
..........###...#..##
###.#
..................## #.#
......###..#####@## #..
##....##...# #Z.# #.#.
###..##..## #.o# ..###
##.##..# ##..# ..#
#.....# ##..## ...
#####.....####..## #...
...............##
#..............#
###...........#########


You could see an orc warrior and a giant frog skeleton.

Vanquished Creatures
  The ghost of nublet the Ruffian, a novice CeTm of Okawaru (D:6)
  5 sky beasts
  3 ogres (D:5)
  An ice beast (D:5)
  A centaur (D:6)
  A phantom (D:4)
  2 giant frogs
  A wyvern skeleton (D:6)
  A water moccasin skeleton (D:6)
  A scorpion (D:6)
  A centaur zombie (D:5)
  2 crimson imps
  A jelly (D:4)
  5 hounds
  4 orc priests
  3 centaur skeletons
  9 worker ants
  5 orc wizards
  Terence (D:3)
  2 iguanas
  A hound skeleton (D:5)
  3 gnolls (D:4)
  11 adders
  5 shadow imps
  3 oozes
  2 worms
  2 adder skeletons
  6 giant geckos
  26 orcs
  3 ball pythons
  5 bats
  6 hobgoblins
  9 jackals
  6 kobolds
  11 giant cockroaches
  3 giant newts
  9 goblins
  6 rats
167 creatures vanquished.

Vanquished Creatures (others)
  An orc (D:6)
1 creature vanquished.

Grand Total: 168 creatures vanquished

Notes
Turn   | Place    | Note
--------------------------------------------------------------
     0 | D:1      | xeno23 the Human Monk began the quest for the Orb.
     0 | D:1      | Reached XP level 1. HP: 18/18 MP: 1/1
   149 | D:1      | Reached XP level 2. HP: 2/24 MP: 2/2
   159 | D:1      | HP: 1/24 [rat (1)]
   368 | D:1      | Reached XP level 3. HP: 18/29 MP: 3/3
   781 | D:2      | Found a glowing silver altar of Zin.
   931 | D:2      | Reached XP level 4. HP: 35/35 MP: 4/4
  1164 | D:2      | Found a sparkling altar of Nemelex Xobeh.
  1178 | D:2      | Reached skill level 5 in Unarmed Combat
  1321 | D:3      | Found a shadowy altar of Dithmenos.
  1374 | D:3      | Reached XP level 5. HP: 7/42 MP: 5/5
  1389 | D:3      | HP: 1/42 [orc/trident (6)]
  1519 | D:3      | Found a snail-covered altar of Cheibriados.
  1893 | D:3      | Reached XP level 6. HP: 32/48 MP: 6/6
  2045 | D:3      | Noticed Terence
  2061 | D:3      | Killed Terence
  2302 | D:4      | Reached skill level 6 in Unarmed Combat
  2600 | D:4      | Gained mutation: You are occasionally teleported next to monsters. [potion of mutation]
  2600 | D:4      | Gained mutation: You have a pair of small horns on your head. [potion of mutation]
  2600 | D:4      | Gained mutation: You are partially covered in yellow scales (AC +2). [potion of mutation]
  2688 | D:4      | Reached XP level 7. HP: 37/55 MP: 7/7
  3139 | D:4      | Reached skill level 1 in Evocations
  3436 | D:4      | Found a staircase to the Ecumenical Temple.
  3442 | Temple   | Entered the Ecumenical Temple
  3635 | D:4      | Learned a level 3 spell: Regeneration
  3644 | D:5      | Entered Level 5 of the Dungeon
  3660 | D:5      | Reached skill level 5 in Fighting
  3660 | D:5      | Reached skill level 7 in Unarmed Combat
  3702 | D:5      | Reached XP level 8. HP: 49/62 MP: 9/9
  3742 | D:5      | Found a shimmering altar of Xom.
  3798 | D:5      | Found a shattered altar of Ashenzari.
  4718 | D:5      | Reached skill level 1 in Armour
  4718 | D:5      | Reached XP level 9. HP: 68/68 MP: 11/11
  5030 | D:5      | Reached skill level 5 in Dodging
  5030 | D:5      | Reached skill level 8 in Unarmed Combat
  5214 | D:6      | Found Emnano's Distillery.
  5231 | D:6      | Bought a potion of curing for 36 gold pieces
  5231 | D:6      | Bought a potion of curing for 36 gold pieces
  5231 | D:6      | Bought a potion of mutation for 30 gold pieces
  5231 | D:6      | Bought a potion of agility for 48 gold pieces
  5232 | D:6      | Gained mutation: Your muscles are strong. (Str +2) [potion of mutation]
  5232 | D:6      | Lost mutation: Your muscles are strong. (Str +2) [potion of mutation]
  5232 | D:6      | Gained mutation: Your spells are a little harder to cast, but a little more powerful. [potion of mutation]
  5239 | D:6      | Found Herif's Jewellery Boutique.
  5295 | D:6      | Noticed nublet's ghost (novice CeTm)
  5310 | D:6      | Killed nublet's ghost
  5335 | D:6      | Found a shimmering altar of Xom.
  5402 | D:6      | Found Ukkejib's Assorted Antiques.
  5413 | D:6      | Found Filoaff's Jewellery Emporium.
  5416 | D:6      | Bought a lumpy blue potion for 25 gold pieces
  5416 | D:6      | Bought a scroll labeled WEURUY NEACLOO for 28 gold pieces
  5416 | D:6      | Bought a scroll of identify for 56 gold pieces
  5459 | D:6      | Found Jamae's Gadget Emporium.
  5515 | D:6      | Reached skill level 1 in Spellcasting
  5561 | D:6      | Reached skill level 5 in Evocations
  5647 | D:6      | Noticed Blork the orc
  6591 | D:7      | HP: 1/69 [orc warrior/battleaxe (21)]
  6592 | D:7      | Slain by a giant frog skeleton

Vault maps used:
D:1:      ncdulo_wetmaze, st_stairs_1, minmay_misc_feat_five
D:2:      lemuel_doored_altar, nemelex_dance_club_becter
D:3:      overflow_temple_1_default, lemuel_crystal_altar, saegor_snake_ambush,
          uniq_terence
D:4:      wad_lake_hut, minmay_temple_entry_hall, kennysheep_cross_room
D:5:      kennysheep_six_static_rooms, old_standard_altar, basic_altar,
          first_bread
D:6:      tgw_sif, kennysheep_little_box, serial_shops, nicolae_shop_crystal,
          shop, shop, nicolae_shop_stone, nicolae_shop_crystal,
          kennysheep_small_circle
D:7:      marbit_many_paths
Temple:   chambers_temple_10

Action                   |  1- 3 |  4- 6 |  7- 9 || total
-------------------------+-------+-------+-------++-------
Melee: Unarmed           |   144 |   292 |   374 ||   810
 Abil: Evoke Invisibilit |       |       |     5 ||     5
  Use: Scroll            |       |     2 |    12 ||    14
       Potion            |       |     2 |     1 ||     3
 Stab: Sleeping          |     2 |     2 |     7 ||    11
       Invisible         |       |       |     8 ||     8
       Distracted        |       |       |     2 ||     2
  Eat: Chunk             |       |     6 |    20 ||    26
